 Dungeon Crawl Stone Soup version 0.21.1-1-g345015fe64 (webtiles) character file.

1003 PikkenKukken the Grave Robber (level 8, -3/54 HPs)
             Began as a Demonspawn Necromancer on June 5, 2018.
             Slain by Prince Ribbit (17 damage)
             ... on level 5 of the Dungeon.
             The game lasted 00:32:24 (6336 turns).

PikkenKukken the Grave Robber (DsNe)                Turns: 6336, Time: 00:32:25

Health: -3/54      AC:  4    Str: 10    XL:     8   Next: 0%
Magic:  12/15      EV: 14    Int: 17    God:
Gold:   121        SH:  0    Dex: 18    Spells: 9/17 levels left

rFire    + . .     SeeInvis .   t - +1 trident (venom)
rCold    . . .     Gourm    .   (no shield)
rNeg     . . .     Faith    .   a - +0 robe
rPois    .         Spirit   .   (helmet restricted)
rElec    .         Reflect  .   (no cloak)
rCorr    .         Harm     .   (no gloves)
MR       .....                  n - +1 pair of boots
Stlth    +++.......             s - amulet of regeneration
HPRegen  0.58/turn              h - ring of wizardry
MPRegen  0.14/turn              (no ring)

@: no status effects
A: antennae 2, thin skeletal structure 2, fire resistance 1, spiny 1, flame
cloud immunity
a: no special abilities


You were on level 5 of the Dungeon.
You were not hungry.

You visited 1 branch of the dungeon, and saw 5 of its levels.

You collected 171 gold pieces.
You spent 50 gold pieces at shops.

Inventory:

Hand Weapons
 o - a +0 war axe of venom
 t - a +1 trident of venom (weapon)
Armour
 a - a +0 robe (worn)
 n - a +1 pair of boots (worn)
Jewellery
 h - a ring of wizardry (left hand)
 s - an amulet of regeneration (around neck)
Scrolls
 g - 9 scrolls of identify
 i - a scroll of enchant weapon {unknown}
 j - 3 scrolls of teleportation {unknown}
 k - 3 scrolls of remove curse {unknown}
 l - a scroll of fog
 r - a scroll of magic mapping {unknown}
Potions
 d - 2 potions of heal wounds
 e - a potion of might
 f - 2 potions of curing
 m - a potion of ambrosia {unknown}
 q - a potion of brilliance {unknown}
Books
 b - a book of Necromancy

   Spells                             Type                      Level
   a - Pain                           Necromancy                   1
   b - Animate Skeleton               Necromancy                   1
   c - Vampiric Draining              Necromancy                   3
   d - Regeneration                   Charms/Necromancy            3
   e - Animate Dead                   Necromancy                   4
   f - Borgnjor's Vile Clutch         Necromancy/Earth             5
Comestibles
 c - 8 rations
 p - 9 chunks of flesh


   Skills:
 + Level 1.0 Fighting
 - Level 2.0(2.2) Axes
 * Level 1.3(1.9) Polearms
 * Level 3.8 Dodging
 - Level 1.9 Stealth
 + Level 5.2 Spellcasting
 + Level 7.4 Necromancy


You had 9 spell levels left.
You knew the following spells:

 Your Spells              Type           Power        Failure   Level  Hunger
a - Pain                  Necr           ####         1%          1    None
b - Vampiric Draining     Necr           ####......   1%          3    ###....
c - Animate Dead          Necr           N/A          2%          4    ####...


Dungeon Overview and Level Annotations

Branches:
Dungeon (5/15)
 Temple: D:4-7

Altars:
Elyvilon
Nemelex Xobeh
Okawaru
Ru

Shops:
D:4 *

Annotations:
D:5 Prince Ribbit


Innate Abilities, Weirdness & Mutations

You have a pair of antennae on your head.
You have a moderately thin skeletal structure. (Dex +4, Stealth+)
Your flesh is heat resistant. (rF+)
You are partially covered in sharp spines.
You are immune to clouds of flame.


Message History

You open the door.
Prince Ribbit comes into view.
Found 14 gold pieces.
There is an open door here.
Prince Ribbit croaks.
You closely miss Prince Ribbit. Prince Ribbit hits you!
You miss Prince Ribbit. Prince Ribbit is struck by your spines.
Prince Ribbit hits you! Prince Ribbit is struck by your spines.
Prince Ribbit barely misses you.
Casting: Vampiric Draining
Confirm with . or Enter, or press ? or * to list all spells.
Aiming: Vampiric Draining
Press: ? - help, Shift-Dir - straight line, f - Prince Ribbit
Aim: Prince Ribbit (moderately wounded) Prince Ribbit is heavily wounded.
You feel life coursing into your body. Prince Ribbit is struck by your spines.
Prince Ribbit hits you!
* * * LOW HITPOINT WARNING * * *
Prince Ribbit is struck by your spines. Prince Ribbit hits you!
You die...

....#.....######.##.....
....#.....#.......# ...
.._.#..####.......##.# #
....##.# #..........#
##.....# ######.#.###
#....)# #.#.# #....>#
#######'#.# #.....#
#.........# #.....#
#......@..# #.....#
#......F..# #.....#
#...$.....# #######
#.........# #######.#.#
#.#.# #.#.# #.#.# #..


You could see Prince Ribbit.

Vanquished Creatures
  Grinder (D:3)
  An ice beast (D:5)
  2 ogres
  A centaur (D:5)
  A crimson imp (D:5)
  A howler monkey (D:4)
  An orc wizard (D:3)
  An orc priest (D:4)
  Jessica (D:2)
  An iguana (D:4)
  2 worker ants
  Robin (D:2)
  5 gnolls
  A howler monkey skeleton (D:4)
  8 adders
  A shadow imp (D:5)
  A worm (D:3)
  A dart slug (D:3)
  2 leopard geckos
  13 orcs
  2 ball pythons
  7 bats
  3 giant cockroaches (D:1)
  12 goblins
  6 hobgoblins
  11 kobolds
  A quokka (D:4)
  6 frilled lizards
  A quokka skeleton (D:5)
  10 rats
105 creatures vanquished.

Notes
Turn   | Place    | Note
-------+----------+-------------------------------------------
     0 | D:1      | PikkenKukken the Demonspawn Necromancer began the quest for the Orb.
     0 | D:1      | Reached XP level 1. HP: 13/13 MP: 3/3
   612 | D:1      | Gained mutation: You have a somewhat thin skeletal structure. (Dex +2, Stealth) [demonic ancestry]
   612 | D:1      | Reached XP level 2. HP: 18/19 MP: 1/5
  1252 | D:2      | Found a sacrificial altar of Ru.
  1262 | D:2      | Reached skill level 5 in Necromancy
  1262 | D:2      | Gained mutation: You have a moderately thin skeletal structure. (Dex +4, Stealth+) [demonic ancestry]
  1262 | D:2      | Reached XP level 3. HP: 21/24 MP: 2/6
  1496 | D:2      | Noticed Robin
  1718 | D:1      | Learned a level 3 spell: Vampiric Draining
  1814 | D:2      | Killed Robin
  1925 | D:2      | Gained mutation: You have a pair of small antennae on your head. [demonic ancestry]
  1925 | D:2      | Reached XP level 4. HP: 27/30 MP: 2/8
  2131 | D:2      | Noticed Jessica
  2135 | D:2      | Killed Jessica
  2534 | D:2      | Found an iron altar of Okawaru.
  2536 | D:2      | Gained mutation: Your flesh is heat resistant. (rF+) [demonic ancestry]
  2536 | D:2      | Reached XP level 5. HP: 35/35 MP: 8/10
  2935 | D:3      | Noticed an ogre
  2951 | D:3      | Reached skill level 6 in Necromancy
  3762 | D:3      | Killed an ogre
  3762 | D:3      | Gained mutation: You are partially covered in sharp spines. [demonic ancestry]
  3762 | D:3      | Reached XP level 6. HP: 13/41 MP: 3/12
  4146 | D:3      | Noticed Grinder
  4163 | D:3      | Paralysed by Grinder for 6 turns
  4172 | D:3      | Paralysed by Grinder for 3 turns
  4430 | D:3      | Killed Grinder
  4430 | D:3      | Reached skill level 1 in Axes
  4430 | D:3      | Gained mutation: You have a pair of antennae on your head. [demonic ancestry]
  4430 | D:3      | Reached XP level 7. HP: 11/46 MP: 13/13
  4780 | D:3      | Found a sparkling altar of Nemelex Xobeh.
  5076 | D:3      | Learned a level 4 spell: Animate Dead
  5299 | D:4      | Found Fiuru's General Store.
  5714 | D:4      | Reached skill level 7 in Necromancy
  6034 | D:4      | Bought a ration for 50 gold pieces
  6073 | D:5      | Entered Level 5 of the Dungeon
  6199 | D:5      | Reached skill level 1 in Polearms
  6199 | D:5      | Reached skill level 5 in Spellcasting
  6232 | D:5      | Reached skill level 1 in Fighting
  6287 | D:5      | Found a white marble altar of Elyvilon.
  6322 | D:5      | Gained mutation: You are immune to clouds of flame. [demonic ancestry]
  6322 | D:5      | Reached XP level 8. HP: 51/54 MP: 15/15
  6328 | D:5      | Noticed Prince Ribbit
  6336 | D:5      | Slain by Prince Ribbit

Skill      XL: |  1  2  3  4  5  6  7 |
---------------+----------------------+-----
Necromancy     | 5 6 7 |  7.4
Spellcasting   | 3 4 5 |  5.2
Dodging        | 2 3 |  3.8
Axes           | 1 2 |  2.0
Polearms       | 1 |  1.3
Fighting       | 1 |  1.0
Stealth        | |  1.9

Action                   |  1- 3 |  4- 6 |  7- 9 || total
-------------------------+-------+-------+-------++-------
Melee: War axe           |       |    18 |     6 ||    24
       Trident           |       |       |    27 ||    27
 Cast: Pain              |    61 |    76 |    45 ||   182
       Vampiric Draining |     3 |    10 |     9 ||    22
  Use: Scroll            |     2 |     1 |     2 ||     5
       Potion            |       |       |     3 ||     3
 Stab: Sleeping          |       |       |     2 ||     2
  Eat: Chunk             |     3 |     6 |     1 ||    10
       Ration            |     1 |       |     2 ||     3
Armor: Robe              |     1 |    12 |     3 ||    16
Dodge: Dodged            |    18 |    38 |    30 ||    86
